[ AOE2 MATCH · #463599472 ]
UnrankedSicilians vs Wei
Player's team · LOSS
[ REPLAY ANALYSIS · EXTRACTED FROM THE RECORDED GAME ]
Feudal
—
Castle
—
Imperial
—
| APM avg | 14.8 |
| APM peak | 30 |
| eAPM avg | 4.2 |
| Villagers / military | 0 / 0 |
Focus
⚔️ 100.0% · 🌾 0.0%
Feudal
—
Castle
—
Imperial
—
| APM avg | 19.8 |
| APM peak | 40 |
| eAPM avg | 7.4 |
| Villagers / military | 0 / 0 |
Focus
⚔️ 57.1% · 🌾 42.9%
Feudal
—
Castle
—
Imperial
—
| APM avg | 11.2 |
| APM peak | 29 |
| eAPM avg | 1.2 |
| Villagers / military | 0 / 0 |
Focus
⚔️ 100.0% · 🌾 0.0%
Feudal
—
Castle
—
Imperial
—
| APM avg | 23.6 |
| APM peak | 38 |
| eAPM avg | 5.1 |
| Villagers / military | 0 / 0 |
Feudal
—
Castle
—
Imperial
—
| APM avg | 16.5 |
| APM peak | 33 |
| eAPM avg | 7.9 |
| Villagers / military | 0 / 0 |
Focus
⚔️ 100.0% · 🌾 0.0%
Feudal
—
Castle
—
Imperial
—
| APM avg | 22.2 |
| APM peak | 47 |
| eAPM avg | 5.2 |
| Villagers / military | 0 / 0 |
Focus
⚔️ 100.0% · 🌾 0.0%
Feudal
—
Castle
—
Imperial
—
| APM avg | 14.2 |
| APM peak | 24 |
| eAPM avg | 6.1 |
| Villagers / military | 0 / 0 |
Focus
⚔️ 100.0% · 🌾 0.0%
Feudal
—
Castle
—
Imperial
—
| APM avg | 23.6 |
| APM peak | 34 |
| eAPM avg | 19.4 |
| Villagers / military | 0 / 0 |
Focus
⚔️ 100.0% · 🌾 0.0%
Match map
Initial resources + every placement click. Lines = walls · curves = elevation contours. ◆ gold · ⬟ stone · ● berries · ✦ relic · ◌ wall gap
Your base
OGsa's base
santiagogiordano17's base
josueyarellano's base
lalian2233's base
Dan1017's base
christbrain's base
koke's base
Smoothed initial terrain · ◌ = detected wall gap · hover for details
Inputs per minute
— sasun - - OGsa
Build order — sasun
0 actions detected in the replay
Build order — OGsa
0 actions detected in the replay
Build order — santiagogiordano17
0 actions detected in the replay
Build order — josueyarellano
0 actions detected in the replay
Build order — lalian2233
6 actions detected in the replay
| 10:15 | Research | Leather Archer Armor |
| 10:15 | Research | Bodkin Arrow |
| 10:16 | Research | Chain Barding Armor |
| 10:17 | Research | Iron Casting |
| 10:17 | Research | Chain Mail Armor |
| 10:20 | Research | Sipahi |
Build order — Dan1017
0 actions detected in the replay
Build order — christbrain
18 actions detected in the replay
| 6:48 | Build | Stable |
| 6:50 | Build | Stable |
| 6:52 | Build | Stable |
| 6:54 | Build | Stable |
| 6:57 | Build | Stable |
| 7:01 | Build | Stable |
| 7:03 | Build | Stable |
| 7:06 | Build | Stable |
| 7:42 | Research | Bloodlines |
| 7:52 | Build | Stable |
| 7:54 | Build | Stable |
| 7:57 | Build | Stable |
| 7:59 | Build | Stable |
| 8:02 | Build | Stable |
| 9:42 | Build | Stable |
| 9:44 | Build | Stable |
| 9:46 | Build | Stable |
| 9:48 | Build | Stable |
Build order — koke
3 actions detected in the replay
| 6:01 | Build | Stone Wall |
| 6:04 | Build | Stone Wall |
| 8:53 | Build | Stone Wall |
Match timeline
| 6:01 | koke · wall_segment Stone Wall x2 |
| 6:04 | koke · wall_segment Stone Wall x15 |
| 6:48 | christbrain · first_building Stable |
| 8:53 | koke · wall_segment Stone Wall x15 |
| 10:07 | sasun · resign |
[ AI ANALYSIS · 1 CREDIT ]
What really happened in this match?
Wolo.gg analyzes every decision: build order, eco, micro, common mistakes by bracket. Personalized analysis on WhatsApp or Discord in 30 seconds.
Civ guide
Sicilians
Map guide
CBA_=REQUIEM=_V293 Random Position (Scenario)
Perfil
Jugador #11974355